 Dungeon Crawl Stone Soup version 0.26.1-11-gd32895ea62 (webtiles) character file.

Game seed: 11867653391413752087

71 Bergy the Cudgeller (level 4, 0/28 HPs)
             Began as a Gargoyle Fighter on July 13, 2021.
             Killed by divine providence
             ... invoked by an orc priest
              (8 damage)
             ... on level 3 of the Dungeon.
             The game lasted 00:04:10 (2058 turns).

Bergy the Cudgeller (Gargoyle Fighter)              Turns: 2058, Time: 00:04:10

Health: 0/28       AC: 10    Str: 21    XL:     4   Next: 24%
Magic:  4/4        EV:  7    Int:  8    God:
Gold:   86         SH:  9    Dex:  9    Spells: 3/3 levels left

rFire    . . .     SeeInvis .   a - +0 flail
rCold    . . .     Faith    .   c - +0 kite shield
rNeg     + . .     Spirit   .   b - +0 scale mail
rPois    ∞         Reflect  .   (no helmet)
rElec    +         Harm     .   (no cloak)
rCorr    .         Rampage  .   (no gloves)
Will     .....                  (no boots)
Stlth    ..........             (no amulet)
HPRegen  0.09/turn              (no ring)
MPRegen  0.09/turn              (no ring)

@: mighty
A: negative energy resistance 1, electricity resistance, unbreathing,
petrification resistance, miasma immunity, AC +3
a: no special abilities


You were on level 3 of the Dungeon.
You visited 1 branch of the dungeon, and saw 3 of its levels.

You collected 86 gold pieces.

Inventory:

Hand Weapons
 a - a +0 flail (weapon)
Armour
 b - a +0 scale mail (worn)
 c - a +0 kite shield (worn)
 n - a +1 pair of boots
Jewellery
 g - an uncursed ring of protection from fire {unknown}
 m - an uncursed amulet of faith {unknown}
Scrolls
 e - 3 scrolls of remove curse {unknown}
 f - a scroll of amnesia {unknown}
 k - a scroll of identify {unknown}
 p - a scroll of magic mapping {unknown}
Potions
 h - a potion of curing {unknown}
 i - 4 potions of degeneration {unknown}
 j - a potion of resistance {unknown}
 l - 2 potions of lignification {unknown}
 o - 2 potions of magic {unknown}


   Skills:
 - Level 3.2 Fighting
 * Level 4.4 Maces & Flails
 - Level 3.2 Armour
 - Level 3.2 Shields


You had 3 spell levels left.
You didn't know any spells.
Your spell library was empty.

Dungeon Overview and Level Annotations

Branches:
Dungeon (3/15)

Altars:


Innate Abilities, Weirdness & Mutations

You are resistant to torment.
Your stone body is resilient. (AC +3)
You are immune to poison.
You resist negative energy. (rN+)
You are resistant to electric shocks. (rElec)
You can survive without breathing.
You are immune to petrification.
You are immune to miasma.


Message History

You barely miss the orc priest.
The orc priest is heavily wounded.
You block the orc priest's attack.
You closely miss the orc priest.
The orc priest is heavily wounded.
The orc priest looks encouraged for a moment.
Your shield prevents you from hitting the orc priest.
The orc priest is heavily wounded.
The orc priest looks satisfied for a moment. x2
You closely miss the orc priest.
The orc priest is heavily wounded.
The orc priest hits you but does no damage.
You closely miss the orc priest.
The orc priest is heavily wounded.
You block the orc priest's attack.
You closely miss the orc priest.
The orc priest is heavily wounded.
The orc priest calls down the wrath of Beogh upon you.
Beogh smites you!
You die...

.#. ... #.!# #.# #..#
#.# #..# ###(### #...
#...).#######..##
###†###<.......oog
....# #..#######o#
....###.## #@#
........# #(#
........###### #.# #
....#.)......###(##.#
....#..#####....(...##
#......# #............
######.# #.....#######
#.# #.##### #.#####.#


You could see an orc priest, 2 orcs and a goblin.

Vanquished Creatures
  An adder (D:2)
  An adder zombie (D:2)
  2 worms
  3 orcs (D:3)
  6 bats
  3 giant cockroaches
  3 goblins
  6 hobgoblins
  8 jackals
  2 kobolds
  A quokka (D:2)
  3 frilled lizards
  6 rats
45 creatures vanquished.

Notes
Turn   | Place    | Note
-------+----------+-------------------------------------------
     0 | D:1      | Bergy the Gargoyle Fighter began the quest for the Orb.
     0 | D:1      | Reached XP level 1. HP: 14/14 MP: 1/1
   119 | D:1      | Reached XP level 2. HP: 19/19 MP: 2/2
   325 | D:1      | Reached skill level 3 in Maces & Flails
   882 | D:1      | Reached XP level 3. HP: 23/23 MP: 3/3
  1343 | D:2      | Reached skill level 4 in Maces & Flails
  1686 | D:2      | Reached XP level 4. HP: 15/28 MP: 4/4
  2058 | D:3      | Killed from afar by an orc priest

Illustrated notes

Levels and vault maps discovered:
D:1:      roderic_octagonal_star, layout_basic
D:2:      layout_loops_ring
D:3:      layout_loops_ring

Skill      XL: |  1  2  3 |
---------------+----------+-----
Maces & Flails | 3 4 |  4.4
Fighting       | |  3.2
Armour         | |  3.2
Shields        | |  3.2

Action                   |  1- 3 |  4- 6 || total
-------------------------+-------+-------++-------
Melee: Flail             |   132 |    29 ||   161
  Use: Potion            |       |     1 ||     1
Armor: Scale mail        |    74 |     6 ||    80
Dodge: Dodged            |    54 |     3 ||    57
Block: Kite shield       |    74 |    16 ||    90
